 Dungeon Crawl Stone Soup version 0.27-a0-1242-ge70438ac7b (webtiles) character file.

Game seed: 12539589294857705506

1032 Kinoniko the Cleaver (level 8, -2/58 HPs)
             Began as a Demonspawn Berserker on June 9, 2021.
             Was a Priest of Trog.
             Slain by a kobold
             ... wielding a +0 club
              (3 damage)
             ... on level 6 of the Dungeon.
             The game lasted 00:05:37 (6437 turns).

Kinoniko the Cleaver (Demonspawn Berserker)         Turns: 6437, Time: 00:05:37

Health: -2/58      AC:  8    Str: 20    XL:     8   Next: 3%
Magic:  8/8        EV: 10    Int:  9    God:    Trog [***...]
Gold:   322        SH:  0    Dex: 12    Spells: 7/7 levels left

rFire    . . .     SeeInvis .   w - +1 halberd
rCold    . . .     Faith    .   (shield currently unavailable)
rNeg     . . .     Spirit   .   o - +0 scale mail
rPois    .         Reflect  .   (helmet restricted)
rElec    .         Harm     .   i - scarf {repulsion}
rCorr    .         Rampage  .   (no gloves)
Will     .....                  u - +1 pair of boots
Stlth    ..........             (no amulet)
HPRegen  0.19/turn              (no ring)
MPRegen  0.11/turn              (no ring)

@: on berserk cooldown, slowed, repel missiles, very slow
A: horns 2, ignite blood 1
a: Renounce Religion, Berserk, Trog's Hand


You were on level 6 of the Dungeon.
You worshipped Trog.
Trog was most pleased with you.
You visited 1 branch of the dungeon, and saw 6 of its levels.

You collected 322 gold pieces.

Inventory:

Hand Weapons
 a - a +0 hand axe
 w - a +1 halberd (weapon)
Missiles
 p - 2 throwing nets
Armour
 i - a scarf of repulsion (worn)
 o - a +0 scale mail (worn)
 u - a +1 pair of boots (worn)
Jewellery
 b - an amulet of faith
Wands
 l - a wand of flame (25)
Scrolls
 g - 2 scrolls of teleportation
 h - 2 scrolls of magic mapping
 j - a scroll of amnesia
Potions
 d - 2 potions of degeneration {unknown}
 e - 4 potions of brilliance {unknown}
 f - a potion of flight {unknown}
 q - a potion of curing {unknown}
 r - 2 potions of mutation {unknown}
 s - 2 potions of heal wounds {unknown}
 v - a potion of might {unknown}


   Skills:
 - Level 3.0 Fighting
 - Level 8.1(8.5) Axes
 * Level 3.5(6.3) Polearms
 - Level 1.7 Armour
 - Level 1.7 Dodging


You had 7 spell levels left.
You didn't know any spells.
Your spell library was empty.

Dungeon Overview and Level Annotations

Branches:
Dungeon (6/15)
 Temple: D:4-7

Altars:
Elyvilon
Vehumet
Yredelemnul
Zin


Innate Abilities, Weirdness & Mutations

You have a pair of horns on your head.
Your demonic aura sometimes causes spilled blood to erupt in flames.


Message History

Your headbutt misses the kobold brigand.
You feel very sick. The kobold hits you but does no damage.
The kobold brigand hits you with a +0 short sword.
The kobold closely misses you. The kobold barely misses you.
The kobold brigand hits you with a +0 short sword.
The kobold barely misses you. The kobold misses you.
You barely miss the kobold brigand.
You feel sick. The kobold hits you with a +0 club.
The kobold brigand hits you with a +0 short sword.
The kobold closely misses you. x2
The kobold hits you with a +6 dagger of speed.
The kobold hits you but does no damage.
The kobold brigand hits you with a +0 short sword!
The kobold hits you with a +0 club. The kobold hits you but does no damage.
You miss the kobold.
You feel sick. The kobold hits you but does no damage.
The kobold closely misses you.
The kobold brigand hits you with a +0 short sword!
The kobold hits you with a +6 dagger of speed.
The kobold hits you with a +0 club. The kobold closely misses you.
The kobold hits you with a +6 dagger of speed!
* * * LOW HITPOINT WARNING * * *
The kobold barely misses you.
The kobold brigand hits you with a +0 short sword.
* * * LOW HITPOINT WARNING * * *
You miss the kobold.
You feel sick.
You are no longer poisoned.
The kobold misses you. The kobold hits you but does no damage.
The kobold hits you with a +6 dagger of speed.
* * * LOW HITPOINT WARNING * * *
The kobold barely misses you. The kobold brigand misses you.
The kobold hits you but does no damage. The kobold closely misses you.
The kobold completely misses you.
Unknown command.
Unknown command.
You barely miss the kobold. Your headbutt misses the kobold.
The kobold brigand hits you with a +0 short sword.
* * * LOW HITPOINT WARNING * * *
The kobold hits you with a +0 club.
You die...

.## ..#### .....
#... #.. # #.#
.### ..########<#
.....
......KK...##...#
..../.K@........#
....#.KK#####...#
#........ .....
#..######. .##.
#< ## # #


You could see a kobold brigand and 4 kobolds.

Vanquished Creatures
  2 sky beasts (D:5)
  2 necrophages
  An ogre (D:5)
  A scorpion (D:4)
  A water moccasin skeleton (D:4)
  A gnoll shaman (D:5)
  A hound (D:4)
  Natasha (thrice) (D:3)
  An iguana (D:5)
  An orc wizard (D:4)
  10 gnolls
  6 adders
  A shadow imp (D:5)
  4 worms
  4 dart slugs
  15 orcs
  6 ball pythons
  9 endoplasms
  3 giant cockroaches
  13 goblins
  7 hobgoblins
  14 jackals
  12 kobolds
  4 quokkas
  5 bats
  4 frilled lizards (D:1)
  10 rats
141 creatures vanquished.

Vanquished Creatures (others)
  12 plants (D:1)
12 creatures vanquished.

Grand Total: 153 creatures vanquished

Notes
Turn   | Place    | Note
-------+----------+-------------------------------------------
     0 | D:1      | Kinoniko the Demonspawn Berserker began the quest for the
                  | Orb.
     0 | D:1      | Reached XP level 1. HP: 18/18 MP: 1/1
   104 | D:1      | Reached skill level 3 in Axes
   167 | D:1      | Gained mutation: You have a pair of small horns on your
                  | head. [demonic ancestry]
   167 | D:1      | Reached XP level 2. HP: 14/24 MP: 2/2
   514 | D:1      | Reached ** piety under Trog
   618 | D:1      | Reached XP level 3. HP: 29/29 MP: 3/3
   869 | D:1      | Reached skill level 4 in Axes
  1914 | D:2      | Reached XP level 4. HP: 35/35 MP: 4/4
  2197 | D:2      | Found a faded altar of an unknown god.
  2319 | D:2      | Reached skill level 5 in Axes
  2867 | D:3      | Reached *** piety under Trog
  3033 | D:3      | Reached XP level 5. HP: 41/41 MP: 5/5
  3237 | D:3      | Noticed Natasha
  3247 | D:3      | Killed Natasha
  3383 | D:3      | Noticed Natasha
  3393 | D:3      | Killed Natasha
  3394 | D:3      | Reached skill level 6 in Axes
  3537 | D:3      | Noticed Natasha
  3545 | D:3      | Killed Natasha
  3672 | D:3      | Gained mutation: Your demonic aura sometimes causes spilled
                  | blood to erupt in flames. [demonic ancestry]
  3672 | D:3      | Reached XP level 6. HP: 47/47 MP: 6/6
  3887 | D:4      | Found a basalt altar of Yredelemnul.
  4078 | D:4      | Reached skill level 7 in Axes
  4404 | D:4      | Reached **** piety under Trog
  4416 | D:4      | Gained mutation: You have a pair of horns on your head.
                  | [demonic ancestry]
  4416 | D:4      | Reached XP level 7. HP: 45/52 MP: 7/7
  5018 | D:5      | Entered Level 5 of the Dungeon
  5154 | D:5      | Found a radiant altar of Vehumet.
  5500 | D:5      | Reached skill level 8 in Axes
  5801 | D:5      | Reached skill level 1 in Polearms
  6424 | D:6      | Reached XP level 8. HP: 58/58 MP: 8/8
  6437 | D:6      | HP: 1/58 [kobold brigand/+0 short sword (3)]
  6437 | D:6      | Slain by a kobold

Illustrated notes

Levels and vault maps discovered:
D:1:      eino_arrival_cavern_c, layout_loops_ring, serial_forest,
          infiniplex_forest_lined_3, infiniplex_forest_clump_curved,
          infiniplex_forest_lined_room_2, infiniplex_forest_lined_3_way,
          infiniplex_forest_clump_small, infiniplex_forest_lined_room_2,
          infiniplex_forest_lined_3, infiniplex_forest_clump_small,
          infiniplex_forest_lined_room_, infiniplex_forest_clump_cross,
          serial_bayou_pond_b, minmay_bisected
D:2:      layout_loops_ring, shapermc_ecumenical_altar_flowoftime,
          kennysheep_another_room
D:3:      layout_rooms, uniq_natasha
D:4:      layout_cave_pods, kennysheep_little_box
D:5:      layout_loops_ring, vehumet_altar_wand_db, zin_statuary,
          amcnicky_altar_gilded
D:6:      layout_rooms, serial_shops, nicolae_shop_crystal, minivault_10,
          uniq_blork_the_orc, uniq_pikel, uniq_edmund

Skill      XL: |  1  2  3  4  5  6  7 |
---------------+----------------------+-----
Axes           | 3 4 5 6 7 8 |  8.1
Polearms       | 3 |  3.5
Fighting       | |  3.0
Armour         | |  1.7
Dodging        | |  1.7

Action                   |  1- 3 |  4- 6 |  7- 9 || total
-------------------------+-------+-------+-------++-------
Melee: Hand axe          |   115 |   170 |    62 ||   347
       Headbutt          |    17 |    24 |    10 ||    51
       Halberd           |       |       |    35 ||    35
Invok: Berserk           |     3 |    10 |     3 ||    16
  Use: Scroll            |       |       |     7 ||     7
 Stab: Sleeping          |     1 |       |       ||     1
Armor: Animal skin       |    16 |     8 |       ||    24
       Ring mail         |       |     7 |       ||     7
       Scale mail        |       |    33 |    34 ||    67
Dodge: Dodged            |    72 |    79 |    51 ||   202
       Repelled          |       |     4 |       ||     4

Table legend: (Time is in decaauts)
 A = Elapsed time spent in this place.
 B = Non-inter-level travel time spent in this place.
 C = Inter-level travel time spent in this place.
 D = Time resting spent in this place.
 E = Time spent auto-exploring this place.
 F = Levels seen in this place.
 G = Mean time per level.
                   A        B        C        D        E       F      G
               +--------+--------+--------+--------+--------+-----+--------+
         Total |   6599 |   6482 |    117 |   1806 |   3881 |   6 | 1099.8 |
       Dungeon |   6599 |   6482 |    117 |   1806 |   3881 |   6 | 1099.8 |
               +--------+--------+--------+--------+--------+-----+--------+

Top non-repeatable levels by time:
     D:1: 1578 daAuts
     D:5: 1410 daAuts
     D:2: 1323 daAuts
     D:4: 1303 daAuts
     D:3: 959 daAuts
     D:6: 23 daAuts
